 Dungeon Crawl Stone Soup version 0.27-a0-1591-gc56fcc985a (webtiles) character file.

Game seed: 2871840124569053513

81 bande the Shield-Bearer (level 4, 0/29 HPs)
             Began as a Gargoyle Fighter on July 20, 2021.
             Slain by an orc wizard (2 damage)
             ... on level 3 of the Dungeon.
             The game lasted 00:02:46 (2727 turns).

bande the Shield-Bearer (Gargoyle Fighter)          Turns: 2727, Time: 00:02:46

Health: 0/29       AC: 10    Str: 19    XL:     4   Next: 40%
Magic:  4/4        EV:  7    Int:  9    God:
Gold:   109        SH:  9    Dex: 10    Spells: 3/3 levels left

rFire    . . .     SeeInvis .   a - +0 war axe
rCold    . . .     Faith    .   c - +0 kite shield
rNeg     + . .     Spirit   .   b - +0 scale mail
rPois    ∞         Reflect  .   (no helmet)
rElec    +         Harm     .   (no cloak)
rCorr    .         Rampage  .   (no gloves)
Will     .....                  (no boots)
Stlth    ..........             (no amulet)
HPRegen  0.09/turn              (no ring)
MPRegen  0.09/turn              (no ring)

@: mighty
A: sickness immunity, AC +3, negative energy resistance 1, electricity
resistance, torment resistance 1, petrification resistance
a: no special abilities


You were on level 3 of the Dungeon.
You visited 1 branch of the dungeon, and saw 3 of its levels.

You collected 109 gold pieces.

Inventory:

Hand Weapons
 a - a +0 war axe (weapon)
Armour
 b - a +0 scale mail (worn)
 c - a +0 kite shield (worn)
Jewellery
 f - a ring of wizardry
Scrolls
 g - a scroll of identify
Potions
 e - a potion of magic


   Skills:
 + Level 3.7 Fighting
 + Level 2.5 Axes
 + Level 3.9 Armour
 + Level 0.3 Dodging
 + Level 4.1 Shields


You had 3 spell levels left.
You didn't know any spells.
Your spell library contained the following spells:

 Spells                   Type           Power      Damage    Failure   Level
 Slow                     Hex            0%         N/A       100%        2
 Confusing Touch          Hex            0%         N/A       100%        3
 Yara's Violent Unravell  Hex/Tmut       0%         3d3       100%        5


Dungeon Overview and Level Annotations

Branches:
Dungeon (3/15)

Altars:


Innate Abilities, Weirdness & Mutations

You are immune to sickness and miasma.
Your stone body is resilient. (AC +3)
You are immune to poison.
You resist negative energy. (rN+)
You are resistant to electric shocks. (rElec)
You are resistant to unholy torment.
You are immune to petrification.


Message History

You kill the orc!
A magic dart appears from out of thin air!
The magic dart hits you but does no damage.
You miss something. Something hits you but does no damage.
You closely miss something. Something hits you but does no damage.
Something hits you.
You closely miss something.
You hear some strange, mumbled words.
A magic dart appears from out of thin air!
The magic dart hits you! Something hits you but does no damage.
You are too injured to fight recklessly!
You are too injured to fight recklessly!
You are too injured to fight recklessly!
You are too injured to fight recklessly!
You are too injured to fight recklessly!
You are too injured to fight recklessly!
You are too injured to fight recklessly!
You are too injured to fight recklessly!
You are too injured to fight recklessly!
You are too injured to fight recklessly!
Unknown command.
You feel very mighty all of a sudden. Something hits you.
You closely miss something. You block something's attack.
You slash something! Something hits you.
* * * LOW HITPOINT WARNING * * *
You hear some strange, mumbled words.
A magic dart appears from out of thin air!
The magic dart hits you but does no damage.
You miss something. Something hits you.
* * * LOW HITPOINT WARNING * * *
You closely miss something. Something hits you.
* * * LOW HITPOINT WARNING * * *
You hear some strange, mumbled words.
A puff of flame appears from out of thin air!
The puff of flame hits you.
* * * LOW HITPOINT WARNING * * *
You barely miss something. Something hits you but does no damage.
Something hits you.
You die...

.........####.#
..............##.#
.........#######.#
........†# #.#
.........#######.#
...............#o#
##############.#o#
#.#{# #.#@# #.#.#
#.#.# #.#.# #.#.#
#.#.# #.#.# #.#.#
##### #.#.###


You could see an orc priest and an orc.

Vanquished Creatures
  2 adders (D:2)
  A worm (D:2)
  2 dart slugs
  An orc (D:3)
  A bat (D:2)
  5 endoplasms
  9 goblins
  3 hobgoblins
  6 jackals
  5 kobolds
  2 quokkas (D:2)
  8 ball pythons
  A frilled lizard (D:1)
  2 rats
48 creatures vanquished.

Notes
Turn   | Place    | Note
-------+----------+-------------------------------------------
     0 | D:1      | bande the Gargoyle Fighter began the quest for the Orb.
     0 | D:1      | Reached XP level 1. HP: 14/14 MP: 1/1
   346 | D:1      | Reached XP level 2. HP: 19/19 MP: 2/2
  1254 | D:2      | Reached XP level 3. HP: 23/23 MP: 3/3
  1573 | D:2      | Reached skill level 4 in Shields
  2291 | D:2      | Reached XP level 4. HP: 22/29 MP: 4/4
  2727 | D:3      | Slain by an orc wizard

Illustrated notes

Levels and vault maps discovered:
D:1:      wander_arrival_lonely_grave, layout_loops_corners,
          chequers_serial_rivers_micro_e, minmay_hexomino_f4
D:2:      layout_basic
D:3:      layout_basic, cheibriados_altar_1, grunt_temple_overflow_open,
          dilly_ecumenical_altar_fadedgnrine

Skill      XL: |  1  2  3 |
---------------+----------+-----
Axes           | 2 |  2.5
Shields        | 4 |  4.1
Fighting       | |  3.7
Armour         | |  3.9
Dodging        | |  0.3

Action                   |  1- 3 |  4- 6 || total
-------------------------+-------+-------++-------
Melee: War axe           |   126 |    33 ||   159
  Use: Scroll            |     2 |     1 ||     3
       Potion            |       |     2 ||     2
Armor: Scale mail        |    61 |    22 ||    83
Dodge: Dodged            |    41 |     8 ||    49
Block: Kite shield       |    69 |    23 ||    92

Table legend: (Time is in decaauts)
 A = Elapsed time spent in this place.
 B = Non-inter-level travel time spent in this place.
 C = Inter-level travel time spent in this place.
 D = Time resting spent in this place.
 E = Time spent auto-exploring this place.
 F = Levels seen in this place.
 G = Mean time per level.
                   A        B        C        D        E       F      G
               +--------+--------+--------+--------+--------+-----+--------+
         Total |   2824 |   2824 |      0 |    386 |   1983 |   3 |  941.3 |
       Dungeon |   2824 |   2824 |      0 |    386 |   1983 |   3 |  941.3 |
               +--------+--------+--------+--------+--------+-----+--------+

Top non-repeatable levels by time:
     D:2: 1381 daAuts
     D:1: 1269 daAuts
     D:3: 174 daAuts
